 Dungeon Crawl Stone Soup version 0.27-a0-1188-g73eefd5def (webtiles) character file.

Game seed: 12164657095618601383

204112 ZappyNine the Unseen (level 19, -2/115 HPs)
             Began as a Kobold Brigand on May 21, 2021.
             Was the Champion of Dithmenos.
             Slain by a vampire knight
             ... wielding a +0 battleaxe
              (8 damage)
             ... on level 2 of the Depths.
             The game lasted 01:44:45 (39137 turns).

ZappyNine the Unseen (Kobold Brigand)              Turns: 39137, Time: 01:44:46

Health: -2/115     AC: 33    Str: 19    XL:     19   Next: 34%
Magic:  0/31       EV: 25    Int: 15    God:    Dithmenos [******]
Gold:   1388       SH:  7    Dex: 23    Spells: 13/30 levels left

rFire    + . .     SeeInvis +   G - +10 rapier "Beuzudeazi" {vorpal, Drain Will+ Dex+4}
rCold    . . .     Faith    .   F - +0 buckler
rNeg     . . .     Spirit   +   t - +11 scale mail "Iske Anlo" {rF+ rCorr SInv}
rPois    +         Reflect  .   Q - +2 hat {Will+}
rElec    .         Harm     .   c - +2 cloak
rCorr    +         Rampage  +   W - +2 pair of gloves {Str+3}
Will     +++..                  d - +1 pair of boots Stlth *****+++++
                                Y - amulet "Xaenkin" {Spirit Rampage rPois Str+2 Dex-3}
HPRegen  0.29/turn              a - ring of wizardry
MPRegen  0.22/turn              o - +6 ring of strength

@: wreathed by umbra
A: small, no large weapons, nightstalker 3, iridescent scales 1, high mp 1,
sturdy frame 1
}: 1/15 runes: decaying
a: Renounce Religion, Shadow Step, Shadow Form


You were on level 2 of the Depths.
You worshipped Dithmenos.
Dithmenos was exalted by your worship.
You visited 6 branches of the dungeon, and saw 30 of its levels.
You also visited: Gauntlet and Ice Cave.

You collected 3648 gold pieces.
You spent 2260 gold pieces at shops.

Inventory:

Hand Weapons
 G - the +10 rapier "Beuzudeazi" (weapon) {vorpal, Drain Will+ Dex+4}
   (You bought it in a shop on level 1 of the Dungeon)

   It inflicts extra damage upon your enemies.
   It affects your dexterity (+4).
   It drains your maximum health when unequipped.
   It increases your willpower.
Missiles
 e - 6 curare-tipped darts (quivered)
 j - 4 throwing nets
 x - 19 poisoned darts
 N - 8 atropa-tipped darts
Armour
 c - a +2 cloak (worn)
 d - a +1 pair of boots (worn)
 f - a +2 scale mail of positive energy
 t - the +11 scale mail "Iske Anlo" (worn) {rF+ rCorr SInv}
   (You found it on level 8 of the Dungeon)

   It protects you from fire.
   It lets you see invisible.
   It protects you from acid and corrosion.
 F - a +0 buckler (worn)
 Q - a +2 hat of willpower (worn)
 W - a +2 pair of gloves of strength (worn)
Jewellery
 a - a ring of wizardry (left hand)
 h - a ring of fire
 o - a +6 ring of strength (right hand)
 s - the ring of Kij Ashrisch {rN+ Will+ Int-4 Dex+3}
   (You found it in a Gauntlet)

   [ring of positive energy]

   It affects your intelligence (-4).
   It affects your dexterity (+3).
   It protects you from negative energy.
   It increases your willpower.
 w - a +4 ring of protection
 B - a ring of resist corrosion
 J - a ring of ice
 S - a ring of poison resistance
 V - a ring of fire
 Y - the amulet "Xaenkin" (around neck) {Spirit Rampage rPois Str+2 Dex-3}
   (You found it in a Gauntlet)

   [amulet of guardian spirit]

   It causes incoming damage to be divided between your reserves of health and
   magic.
   It affects your strength (+2).
   It affects your dexterity (-3).
   It protects you from poison.
   It bestows one free step when moving towards enemies.
Wands
 p - a wand of flame (25)
 q - a wand of polymorph (27)
 r - a wand of iceblast (74)
 R - a wand of acid (15)
 Z - a wand of digging (4)
Scrolls
 b - 3 scrolls of enchant armour
 g - 2 scrolls of fear
 k - 3 scrolls of fog
 l - 9 scrolls of identify
 y - 4 scrolls of teleportation
 z - a scroll of magic mapping
 D - a scroll of blinking
 I - 4 scrolls of enchant weapon
 M - a scroll of brand weapon
 P - 2 scrolls of summoning
 T - 7 scrolls of amnesia
Potions
 m - 2 potions of brilliance
 n - 6 potions of curing
 u - 3 potions of magic
 v - 3 potions of flight
 A - 3 potions of ambrosia
 C - a potion of attraction
 E - a potion of haste
 O - a potion of invisibility
Miscellaneous
 i - a lightning rod (4/4)
 H - a phantom mirror


   Skills:
 - Level 11.4 Fighting
 + Level 19.0 Short Blades
 - Level 2.1 Throwing
 - Level 10.9 Armour
 - Level 14.4 Dodging
 - Level 19.1 Stealth
 - Level 5.6 Shields
 - Level 6.2 Spellcasting
 - Level 7.5 Hexes
 - Level 2.5 Ice Magic
 + Level 12.3 Invocations


You had 13 spell levels left.
You knew the following spells:

 Your Spells              Type           Power      Damage    Failure   Level
a - Ensorcelled Hibernat  Hex/Ice        38%        N/A       1%          2
b - Confusing Touch       Hex            27%        N/A       1%          3
c - Tukima's Dance        Hex            27%        N/A       1%          3
d - Cause Fear            Hex            13%        N/A       4%          4
e - Dazzling Flash        Conj/Hex       32%        N/A       6%          3
f - Blink                 Tloc           N/A        N/A       16%         2

Your spell library contained the following spells:

 Spells                   Type           Power      Damage    Failure   Level
 Corona                   Hex            30%        N/A       1%          1
 Slow                     Hex            27%        N/A       1%          2
 Summon Guardian Golem    Hex/Summ       16%        N/A       6%          3
 Beastly Appendage        Tmut           8%         N/A       11%         1
 Magic Dart               Conj           16%        1d3       11%         1
 Sting                    Tmut/Pois      16%        1d3       11%         1
 Summon Small Mammal      Summ           16%        N/A       11%         1
 Call Imp                 Summ           4%         N/A       16%         2
 Corpse Rot               Necr/Air       N/A        N/A       16%         2
 Passwall                 Tmut/Erth      3%         N/A       16%         2
 Poisonous Vapours        Pois/Air       8%         N/A       16%         2
 Sublimation of Blood     Necr           2%         N/A       16%         2
 Wereblood                Tmut           4%         N/A       16%         2
 Leda's Liquefaction      Hex/Erth       8%         N/A       21%         4
 Call Canine Familiar     Summ           4%         N/A       28%         3
 Conjure Flame            Conj/Fire      4%         6-21      28%         3
 Gell's Gravitas          Tloc           2%         N/A       28%         3
 Ignite Poison            Fire/Tmut/Pois 4%         N/A       28%         3
 Lesser Beckoning         Tloc           2%         N/A       28%         3
 Mephitic Cloud           Conj/Pois/Air  4%         N/A       28%         3
 Spider Form              Tmut/Pois      2%         N/A       28%         3
 Stone Arrow              Conj/Erth      8%         3d7       28%         3
 Teleport Other           Tloc           4%         N/A       28%         3
 Summon Ice Beast         Ice/Summ       8%         N/A       47%         4
 Silence                  Hex/Air        8%         N/A       47%         5
 Summon Mana Viper        Hex/Summ       16%        N/A       47%         5
 Yara's Violent Unravell  Hex/Tmut       8%         3d5       47%         5
 Animate Armour           Summ/Erth      8%         N/A       65%         4
 Animate Dead             Necr           2%         N/A       65%         4
 Dispel Undead            Necr           4%         3d7       65%         4
 Olgreb's Toxic Radiance  Pois           4%         N/A       65%         4
 Summon Lightning Spire   Summ/Air       4%         N/A       65%         4
 Agony                    Necr           4%         N/A       93%         5
 Bolt of Magma            Conj/Fire/Erth 2%         4d4       93%         5
 Borgnjor's Vile Clutch   Necr/Erth      2%         N/A       93%         5
 Excruciating Wounds      Necr           2%         N/A       93%         5
 Hydra Form               Tmut           2%         N/A       93%         5
 Manifold Assault         Tloc           4%         N/A       93%         5
 Summon Forest            Summ/Tloc      2%         N/A       93%         5
 Death Channel            Necr           2%         N/A       100%        6
 Eringya's Noxious Bog    Tmut/Pois      2%         N/A       100%        6
 Iron Shot                Conj/Erth      2%         9d2       100%        6
 Shadow Creatures         Summ           N/A        N/A       100%        6
 Simulacrum               Ice/Necr       4%         N/A       100%        6
 Statue Form              Tmut/Erth      2%         N/A       100%        6
 Haunt                    Necr/Summ      2%         N/A       100%        7
 Malign Gateway           Summ/Tloc      2%         N/A       100%        7
 Monstrous Menagerie      Summ           2%         N/A       100%        7
 Summon Hydra             Summ           2%         N/A       100%        7
 Discord                  Hex            13%        N/A       100%        8
 Summon Horrible Things   Summ           2%         N/A       100%        8
 Shatter                  Erth           2%         3d6*      100%        9


Dungeon Overview and Level Annotations

Branches:
Dungeon (15/15)            Temple (1/1) D:5            Lair (6/6) D:9
  Swamp (4/4) Lair:3       Spider (0/4) Lair:3        Slime (0/5) Lair:6
    Orc (2/2) D:11            Elf (0/3) Orc:2        Vaults (0/5) D:14
 Depths (2/5) D:15          IceCv (visited)         Gauntlet (visited)

Altars:
Ashenzari
Cheibriados
Dithmenos
Elyvilon
Fedhas
Gozag
Hepliaklqana
Kikubaaqudgha
Makhleb
Nemelex Xobeh
Okawaru
Qazlal
Ru
Sif Muna
Trog
Uskayaw
Vehumet
Wu Jian
Xom
Yredelemnul
Zin
The Shining One
Lugonu

Shops:
D:1 ?[(   D:2 :   D:5 [   D:9 (   D:15 :[=!   Orc:2 **[:(   Depths:1 =[

Portals:
Hell: Depths:1
Ziggurat: Depths:2

Annotations:
D:5 CowFu's ghost, novice DrIE; zarzak's ghost, novice DgFi
Depths:1 exclusion: orange crystal statue


Innate Abilities, Weirdness & Mutations

You are small and have problems with some larger weapons.
You are completely attuned to the shadows.
You are partially covered in iridescent scales. (AC +2)
You have an increased reservoir of magic. (+10% MP)
Your movements are slightly less encumbered by armour. (ER -2)


Message History

You emit a cloud of dark smoke.
You feel better.
The dread lich mumbles some strange words.
You feel much better. The dread lich misses you.
You feel much better. The dread lich completely misses you.
The blizzard demon hits you but does no damage.
The blizzard demon completely misses you.
Casting: Blink (safe; 16% risk of failure)
Confirm with . or Enter, or press ? or * to list all spells.
You blink.
The vampire knight blinks!
The green death hits you but does no damage.
The blizzard demon waves its arms in wide circles.
The air twists around and strikes you! The Tzitzimitl engulfs you!
The Tzitzimitl drains your vigour!
You feel yourself slow down. The Tzitzimitl misses you.
The dread lich mumbles some strange words.
The dread lich seems to speed up.
The Tzitzimitl completely misses you. x2
You hear a deafening roar!
The Tzitzimitl calls on the powers of darkness!
Your body is wracked with pain!
* * * LOW HITPOINT WARNING * * *
The green death hits you.
* * * LOW HITPOINT WARNING * * *
The Tzitzimitl completely misses you. The Tzitzimitl misses you.
Unknown command.
The dread lich casts a spell at itself.
The dread lich flickers and vanishes for a moment.
You feel yourself speed up. The Tzitzimitl engulfs you!
* * * LOW HITPOINT WARNING * * *
The Tzitzimitl closely misses you.
The vampire knight blinks!
You rampage towards the vampire knight!
You block the vampire knight's attack.
The vampire knight completely misses you.
You puncture the vampire knight!
The vampire knight is moderately damaged.
The vampire knight hits you but does no damage.
The vampire knight completely misses you.
The vampire knight hits you with a +0 battleaxe!
You die...

##...### #....##
.###...# ##..#§.##
...'##.########.#####.##
.###............#§§§#..#
##..........<..##.∩.##.#
...######..## ..#L2.#..#
.### #..# #.#####..#
#########..#####..#.§#.#
................@.1....#
..........).....V..2..##
..#########..##########
§.# #..# .§# #.<#
§§#########..##
§§............(.
................
#######..#######


You could see a dread lich (fast, invisible), a Tzitzimitl (summoned), a green
death (summoned), a vampire knight and a blizzard demon (summoned).

Vanquished Creatures
  Saint Roka (Depths:1)
  Nikola (Swamp:2)
  2 tentacled monstrosities
  Asterion (Depths:2)
  Gastronok (Lair:1)
  Frances (D:14)
  Kirke (D:14)
  A thorn hunter (Swamp:2)
  2 fire giants
  Roxanne (Swamp:2)
  A frost giant (Depths:1)
  2 ghouls (Swamp:4)
  10 very ugly things
  A stone giant (Depths:1)
  Nessos (D:12)
  A minotaur (Gauntlet)
  3 spark wasps (Depths:1)
  4 bunyips
  Azrael (Orc:2)
  Snorg (Lair:3)
  3 ettins
  An eleionoma (Swamp:4)
  2 merfolk impalers (Depths:1)
  3 fire dragons (Depths:1)
  A shambling mangrove (Swamp:2)
  4 great orbs of eyes
  4 vault guards (D:14)
  2 boulder beetles
  23 hydras
  3 catoblepae
  An ogre mage (D:13)
  6 alligators
  A spriggan air mage (Swamp:3)
  6 two-headed ogres
  7 centaur warriors
  A deep troll shaman (Depths:1)
  7 death yaks
  A death knight (D:14)
  2 vampire magi
  Urug (Orc:2)
  3 orc high priests (Orc:2)
  3 deep troll earth magi (Depths:1)
  A spriggan berserker (Swamp:3)
  11 spriggans
  A deep elf knight (Swamp:3)
  A hell knight (Depths:2)
  2 skeletal warriors
  An iron troll (Depths:1)
  A fire crab (Gauntlet)
  A death drake (Swamp:4)
  7 deep trolls
  A goliath frog (Swamp:4)
  8 spriggan druids
  4 glowing orange brains
  A wizard (Depths:2)
  7 bog bodies
  11 swamp dragons
  A necromancer (D:15)
  Pikel (D:7)
  2 deep elf pyromancers
  A frost giant zombie (D:15)
  5 orc knights
  3 will-o-the-wisps
  5 manticores
  26 ugly things
  2 cyclopes
  An oklob plant (Lair:2)
  3 orc sorcerers (Orc:2)
  2 stone giant zombies (D:15)
  8 elephants (Lair:6)
  A frost giant skeleton (D:15)
  5 centaur zombies
  6 black mambas
  2 ice statues (IceCv)
  An unseen horror (D:12)
  8 komodo dragons
  2 rime drakes
  27 cane toads
  A komodo dragon (shapeshifter) (D:14)
  2 tengu conjurers
  4 ice devils (IceCv)
  5 trolls
  2 bloated husks
  15 tyrant leeches
  6 polar bears
  22 slime creatures
  13 blink frogs
  9 hornets
  A redback (Lair:3)
  A spriggan (shapeshifter) (D:14)
  2 shadows
  3 fire bats (Gauntlet)
  A vampire (D:11)
  Eustachio (D:4)
  A water elemental (Depths:1)
  2 wraiths
  45 yaks
  5 fire elementals (Orc:2)
  3 wyverns
  A basilisk (D:15)
  2 hogs (D:14)
  A basilisk (shapeshifter) (D:13)
  7 vampire mosquitoes
  Menkaure (D:6)
  2 steam dragons
  2 wargs
  12 swamp worms
  An acid dragon (D:11)
  15 water moccasins
  Duvessa (D:6)
  6 hell hounds
  8 swamp drakes (Swamp:4)
  An ice beast (D:7)
  18 orc warriors
  A sky beast (D:6)
  6 necrophages
  A black bear (shapeshifter) (D:14)
  A black bear (Lair:3)
  7 wolves (Lair:3)
  2 hornet zombies (D:8)
  10 ogres
  2 centaurs
  2 lemures (D:6)
  2 phantoms
  2 kobold brigands (D:11)
  20 bullfrogs
  2 gnoll sergeants (D:11)
  Dowan (D:6)
  4 scorpions
  4 killer bees (D:10)
  3 howler monkeys (D:10)
  8 wights
  3 electric eels
  A lava snake (D:12)
  4 jellies
  2 bullfrog skeletons
  3 bullfrog zombies (D:5)
  5 hounds
  2 gnoll shamans (D:4)
  15 orc priests
  5 iguanas
  16 orc wizards
  A hound skeleton (D:5)
  2 mummies (D:12)
  2 howler monkey zombies
  12 adders
  11 gnolls
  2 howler monkey skeletons (D:4)
  9 white imps
  4 ufetubi
  4 worms
  64 orcs
  13 endoplasms
  2 giant cockroaches
  8 hobgoblins
  10 jackals
  12 kobolds
  3 quokkas
  8 ball pythons
  8 bats
  2 frilled lizards (D:1)
  11 goblins
  8 rats
844 creatures vanquished.

Vanquished Creatures (collateral kills)
  A bloated husk (Swamp:3)
  2 vampire mosquitoes (Swamp:3)
  An adder (D:2)
4 creatures vanquished.

Vanquished Creatures (others)
  3 bloated husks (Swamp:2)
  A slime creature (D:13)
  3 humans (D:14)
  A swamp drake (Swamp:4)
  An electric eel (D:12)
  3 white imps (IceCv)
  8 ufetubi (IceCv)
  2 butterflies (Lair:6)
  7 foxfires (Swamp:3)
  35 fungi
  130 plants
  4 withered plants
198 creatures vanquished.

Grand Total: 1046 creatures vanquished

Notes
Turn   | Place    | Note
-------+----------+-------------------------------------------
     0 | D:1      | ZappyNine the Kobold Brigand began the quest for the Orb.
     0 | D:1      | Reached XP level 1. HP: 12/12 MP: 1/1
    35 | D:1      | Found Ketiegil's Armour Boutique.
    66 | D:1      | Found Vorolocs's Magic Scroll Shop.
   132 | D:1      | Reached XP level 2. HP: 18/18 MP: 2/2
   364 | D:1      | Found a faded altar of an unknown god.
   592 | D:1      | Found Gidwer's Weapon Boutique.
   745 | D:1      | Reached XP level 3. HP: 22/22 MP: 3/3
  1107 | D:1      | Reached XP level 4. HP: 28/28 MP: 4/4
  1446 | D:2      | Reached XP level 5. HP: 17/32 MP: 5/5
  1670 | D:2      | Found Vuuruxac's Book Emporium.
  2053 | D:3      | Found a broken altar of Ashenzari.
  2649 | D:3      | Found a bloodstained altar of Trog.
  2705 | D:3      | Reached XP level 6. HP: 38/38 MP: 6/6
  3190 | D:4      | Noticed Eustachio
  3194 | D:4      | Killed Eustachio
  3195 | D:4      | Reached XP level 7. HP: 43/43 MP: 7/7
  3415 | D:4      | Found a glowing golden altar of the Shining One.
  3661 | D:4      | Gained mutation: You have an increased reservoir of magic.
                  | (+10% MP) [potion of mutation]
  3661 | D:4      | Gained mutation: Your movements are slightly less
                  | encumbered by armour. (ER -2) [potion of mutation]
  3661 | D:4      | Gained mutation: You are partially covered in iridescent
                  | scales. (AC +2) [potion of mutation]
  4131 | D:4      | Reached skill level 5 in Short Blades
  4187 | D:4      | Reached XP level 8. HP: 45/48 MP: 8/8
  4437 | D:5      | Entered Level 5 of the Dungeon
  4660 | D:5      | Found a staircase to the Ecumenical Temple.
  4698 | Temple   | Entered the Ecumenical Temple
  5306 | D:5      | Noticed a yak
  5309 | D:5      | Killed a yak
  5310 | D:5      | Reached skill level 10 in Stealth
  5445 | D:5      | Found Cyfatek's Antique Armour Shop.
  5450 | D:5      | Bought a pair of distressingly furry gloves for 247 gold
                  | pieces
  5450 | D:5      | Identified the -3 pair of gloves "Liraenuth" {Str+2} (You
                  | bought it in a shop on level 5 of the Dungeon)
  5482 | D:5      | Reached skill level 5 in Dodging
  5502 | D:5      | Found a runed translucent gate.
  5502 | D:5      | Found a runed translucent gate.
  5503 | D:5      | Found a runed translucent gate.
  5603 | D:5      | Found a basalt altar of Yredelemnul.
  5767 | D:5      | Reached XP level 9. HP: 52/52 MP: 9/9
  5897 | D:5      | Noticed zarzak's ghost (novice DgFi)
  5897 | D:5      | Noticed CowFu's ghost (novice DrIE)
  5958 | D:6      | Noticed Duvessa
  5958 | D:6      | Noticed Dowan
  5959 | D:6      | Killed Duvessa
  5975 | D:6      | Killed Dowan
  6001 | D:6      | Learned a level 2 spell: Ensorcelled Hibernation
  6005 | D:6      | Learned a level 3 spell: Confusing Touch
  6037 | D:6      | Found a shimmering blue altar of Sif Muna.
  6053 | D:6      | Reached skill level 1 in Spellcasting
  6053 | D:6      | Reached skill level 1 in Hexes
  6098 | D:6      | Noticed Menkaure
  6108 | D:6      | HP: 1/52 [Menkaure (19)]
  6115 | D:6      | Killed Menkaure
  6345 | D:6      | Found a shadowy altar of Dithmenos.
  6348 | D:6      | Became a worshipper of Dithmenos the Shadowed
  6776 | D:7      | Noticed Pikel
  7109 | D:7      | Reached skill level 1 in Ice Magic
  7109 | D:7      | Reached XP level 10. HP: 58/58 MP: 18/18
  7113 | D:7      | Reached skill level 5 in Hexes
  7329 | D:7      | Killed Pikel
  7369 | D:7      | Reached * piety under Dithmenos
  7516 | D:7      | Found an opulent altar of Gozag.
  7772 | D:7      | Identified a scroll of acquirement
  7772 | D:7      | Acquired 607 gold pieces
  8108 | D:8      | Reached skill level 5 in Fighting
  8573 | D:8      | Found a flagged portal.
  9197 | D:8      | Identified the +11 scale mail "Iske Anlo" {rF+ rCorr SInv}
  9293 | D:9      | Reached XP level 11. HP: 64/64 MP: 19/19
  9363 | D:9      | Found Ischior's Weapon Boutique.
  9407 | D:9      | Found an ornate altar of the Wu Jian Council.
  9422 | D:9      | Reached ** piety under Dithmenos
  9424 | D:9      | Noticed a death yak
  9440 | D:9      | Noticed a death yak
  9460 | D:9      | Noticed a death yak
  9830 | D:9      | Found a staircase to the Lair.
 10048 | D:9      | Found a hazy altar of Hepliaklqana.
 10261 | D:10     | Entered Level 10 of the Dungeon
 10364 | D:10     | Noticed an eight-headed hydra
 10375 | D:10     | Killed an eight-headed hydra
 10376 | D:10     | Reached skill level 5 in Armour
 10607 | D:1      | Bought the +10 rapier "Beuzudeazi" {vorpal, Drain Will+
                  | Dex+4} for 999 gold pieces
 10893 | D:10     | Reached skill level 1 in Shields
 11657 | D:11     | Noticed a cyclops
 11661 | D:11     | Killed a cyclops
 11893 | D:11     | Noticed a two-headed ogre
 11895 | D:11     | Killed a two-headed ogre
 11991 | D:11     | Noticed a purple ugly thing
 11995 | D:11     | Killed a purple ugly thing
 11996 | D:11     | Reached skill level 5 in Shields
 12008 | D:11     | Found a staircase to the Orcish Mines.
 12070 | D:11     | Reached XP level 12. HP: 29/70 MP: 17/20
 12087 | D:11     | Reached *** piety under Dithmenos
 12469 | D:9      | Killed a death yak
 12547 | D:9      | Killed a death yak
 12554 | D:9      | Killed a death yak
 12811 | Lair:1   | Entered Level 1 of the Lair of Beasts
 13246 | Lair:1   | Noticed Gastronok
 13253 | Lair:1   | Killed Gastronok
 13254 | Lair:1   | Reached skill level 5 in Spellcasting
 14024 | Lair:2   | Noticed a four-headed hydra
 14037 | Lair:2   | Killed a four-headed hydra
 14038 | Lair:2   | Reached XP level 13. HP: 68/80 MP: 19/24
 14261 | Lair:2   | Learned a level 3 spell: Tukima's Dance
 14514 | Lair:2   | Reached skill level 15 in Stealth
 15289 | Lair:3   | Found a staircase to the Swamp.
 15305 | Lair:3   | Noticed Snorg
 15328 | Lair:3   | Reached **** piety under Dithmenos
 15328 | Lair:3   | Killed Snorg
 15760 | Lair:3   | Found a hole to the Spider Nest.
 15778 | Lair:3   | Identified the +3 leather armour of a wizard's laboratory
                  | {-Cast Harm Dex+9}
 15803 | Lair:3   | Noticed a catoblepas
 15807 | Lair:3   | Killed a catoblepas
 16637 | D:1      | Bought a +1 pair of gloves of strength for 231 gold pieces
 16673 | D:1      | Bought a scroll of enchant armour for 90 gold pieces
 16673 | D:1      | Bought a scroll of enchant armour for 90 gold pieces
 16892 | Lair:4   | Learned a level 4 spell: Cause Fear
 16896 | Lair:4   | Learned a level 3 spell: Dazzling Flash
 17003 | Lair:4   | Identified the +8 mace "Wohumn" {flame, +Rage rCorr}
 17139 | Lair:4   | Reached ***** piety under Dithmenos
 17745 | Lair:5   | Noticed a six-headed hydra
 17749 | Lair:5   | Killed a six-headed hydra
 17750 | Lair:5   | Reached XP level 14. HP: 86/86 MP: 25/25
 17876 | Lair:5   | Found a frozen archway.
 17883 | IceCv    | Entered an ice cave
 19382 | Lair:5   | Reached skill level 10 in Armour
 19636 | Lair:6   | Entered Level 6 of the Lair of Beasts
 20649 | Lair:6   | Reached skill level 10 in Short Blades
 20798 | Lair:6   | Identified the ring "Puahiekk" {rCorr EV+4}
 21462 | Lair:6   | Found a staircase to the Slime Pits.
 21754 | Lair:6   | Reached XP level 15. HP: 54/90 MP: 26/26
 22707 | D:12     | Noticed Nessos
 22711 | D:12     | Killed Nessos
 22711 | D:12     | Reached ****** piety under Dithmenos
 22973 | D:12     | Found a transporter.
 23073 | D:12     | Found a transporter.
 23785 | D:13     | Found a gate leading to a gauntlet.
 23853 | Gauntlet | Entered a Gauntlet
 23878 | Gauntlet | Found a transporter.
 23900 | Gauntlet | Found a transporter.
 23900 | Gauntlet | Found a transporter.
 23917 | Gauntlet | Found a transporter.
 23931 | Gauntlet | Found a transporter.
 23942 | Gauntlet | Found a transporter.
 23961 | Gauntlet | Found a transporter.
 23974 | Gauntlet | Found a transporter.
 23990 | Gauntlet | Found a transporter.
 24001 | Gauntlet | Found a transporter.
 24008 | Gauntlet | Found a transporter.
 24031 | Gauntlet | Found a transporter.
 24095 | Gauntlet | Identified the amulet "Xaenkin" {Spirit Rampage rPois Str+2
                  | Dex-3}
 24165 | Gauntlet | Identified the ring of Kij Ashrisch {rN+ Will+ Int-4 Dex+3}
 25521 | D:13     | Reached skill level 10 in Dodging
 25819 | D:14     | Noticed Kirke
 25824 | D:14     | Killed Kirke
 25859 | D:14     | Noticed Frances
 25880 | D:14     | Killed Frances
 26240 | D:14     | Found a gate to the Vaults.
 26243 | D:14     | Reached XP level 16. HP: 96/96 MP: 27/27
 26345 | D:14     | Learned a level 2 spell: Blink
 26942 | D:15     | Entered Level 15 of the Dungeon
 27051 | D:15     | Found a staircase to the Depths.
 27372 | D:15     | Found Hotanol's Book Boutique.
 27565 | D:15     | Found Coank's Jewellery Boutique.
 27597 | D:15     | Found Silud's Antique Armour Boutique.
 27600 | D:15     | Bought a pair of embroidered boots for 180 gold pieces
 27600 | D:15     | Bought a shiny scale mail for 168 gold pieces
 27659 | D:15     | Found Esuer's Distillery.
 27664 | D:15     | Bought a potion of heal wounds for 85 gold pieces
 27664 | D:15     | Bought a potion of resistance for 170 gold pieces
 27895 | D:15     | Found the +6 shillelagh "Devastator" {shatter}
 28295 | Swamp:1  | Entered Level 1 of the Swamp
 28407 | Orc:1    | Entered Level 1 of the Orcish Mines
 28905 | Orc:2    | Entered Level 2 of the Orcish Mines
 28905 | Orc:2    | Noticed Azrael
 28909 | Orc:2    | Killed Azrael
 28952 | Orc:2    | Found Kiagivig's Mayhem Merchandise.
 29056 | Orc:2    | Noticed Urug
 29059 | Orc:2    | Killed Urug
 29279 | Orc:2    | Found Ompel's Weapon Shoppe.
 29279 | Orc:2    | Found Buoresakh's General Store.
 29287 | Orc:2    | Found Peloimn's Book Shoppe.
 29287 | Orc:2    | Found Heyhioc's Armour Shop.
 29436 | Orc:2    | Found a staircase to the Elven Halls.
 30041 | Swamp:1  | Reached skill level 10 in Fighting
 30707 | Swamp:2  | Noticed a thorn hunter
 30710 | Swamp:2  | Killed a thorn hunter
 30752 | Swamp:2  | Identified Roxanne's Volume of Changing
 30752 | Swamp:2  | Noticed Roxanne
 30808 | Swamp:2  | Killed Roxanne
 30809 | Swamp:2  | Reached XP level 17. HP: 51/103 MP: 3/29
 31037 | Swamp:2  | Noticed Nikola
 31040 | Swamp:2  | Killed Nikola
 31328 | Swamp:2  | Noticed a tentacled monstrosity
 31331 | Swamp:2  | HP: 3/104 [tentacled monstrosity (7)]
 31396 | Swamp:2  | HP: 7/156 [tentacled monstrosity (6)]
 31399 | Swamp:2  | Killed a tentacled monstrosity
 31869 | Swamp:2  | Reached skill level 1 in Invocations
 33665 | Swamp:3  | Reached skill level 15 in Short Blades
 33665 | Swamp:3  | Reached skill level 5 in Invocations
 33900 | Swamp:4  | Entered Level 4 of the Swamp
 33967 | Swamp:4  | Reached XP level 18. HP: 81/110 MP: 19/30
 34174 | Swamp:4  | Got a decaying rune of Zot
 35081 | Depths:1 | Entered Level 1 of the Depths
 35081 | Depths:1 | Found Woebes's Jewellery Emporium.
 35929 | Depths:1 | Found a corrupted altar of Lugonu.
 36001 | Depths:1 | Reached skill level 10 in Invocations
 36710 | Depths:1 | Noticed Saint Roka
 37098 | Depths:1 | Killed Saint Roka
 37453 | Depths:1 | Found a gateway to Hell.
 37588 | Depths:1 | Reached XP level 19. HP: 67/115 MP: 20/31
 38680 | Depths:1 | Identified the +10 glaive of Imminent Death {freeze, SInv}
 38822 | Depths:1 | Found Gusopari's Antique Armour Boutique.
 38961 | Depths:2 | Noticed Asterion
 38966 | Depths:2 | Killed Asterion
 39016 | Depths:2 | Noticed a tentacled monstrosity
 39045 | Depths:2 | Killed a tentacled monstrosity
 39107 | Depths:2 | Noticed a dread lich
 39108 | Depths:2 | Found a gateway to a ziggurat.
 39124 | Depths:2 | Noticed a Tzitzimitl
 39133 | Depths:2 | HP: 5/115 [Tzitzimitl[a dread lich] (14)]
 39137 | Depths:2 | Slain by a vampire knight

Illustrated notes

Levels and vault maps discovered:
D:1:      wheals_arrival_shading, layout_basic, serial_rivers,
          chequers_serial_rivers_room_a, chequers_serial_rivers_micro_e,
          chequers_serial_rivers_marsh, chequers_serial_rivers_room_b,
          serial_shops, shop, shop, nicolae_shop_stone, basic_ecumenical_altar,
          lexackson_kobold_supper
D:2:      layout_rooms, serial_shops, nicolae_shop_trees, minmay_door_square
D:3:      layout_basic, amcnicky_altar_gilded, ashenzari_altar_1
D:4:      minmay_octagon_keep, layout_cave_pools, tso_oasis_becter,
          nicolae_ossuary_entry_monument, chequers_serial_rivers_micro_c,
          glass_columns_b, kennysheep_generic_room_15, uniq_eustachio
D:5:      layout_loops_ring, lemuel_zombie_altar_yredelemnul, temple_green,
          serial_shops, shop_fountains, gammafunk_ghost_cemetery,
          minmay_misc_feat_doors, minmay_small_thing
D:6:      layout_rooms, old_standard_altar, kennysheep_mini_moat, uniq_duvessa,
          uniq_menkaure
D:7:      layout_rooms, kennysheep_mini, uniq_pikel
D:8:      layout_cave_pods, enter_bailey_5, minmay_misc_feat_five, minivault_5
D:9:      layout_loops_ring, nicolae_overflow_hidden_temple,
          nicolae_wu_jian_wuxing_cycle, dpeg_lair_monsters, serial_shops,
          nicolae_shop_competitors_out_of_business
D:10:     layout_gridville
D:11:     layout_rooms, kennysheep_orc_monster_closet_entryway
D:12:     gammafunk_wand_slinger, layout_rooms, serial_undead, serial_undead_b,
          serial_undead_a, serial_undead_a, serial_undead_f,
          nicolae_lava_and_water, uniq_nessos
D:13:     layout_roguey, gauntlet_entry_generic
D:14:     layout_rooms, lightli_vaults_fourway_checkpoint,
          hangedman_abyss_or_decor_passed, nicolae_island_escapes, uniq_kirke,
          uniq_frances
D:15:     gammafunk_depths_entry_grave, layout_gridville, serial_shops,
          nicolae_shop_behind_doors, shop, nicolae_shop_waterfront, shop,
          hellmonk_bongcloud_opening
Temple:   dshaligram_water_room_temple
Lair:1:   layout_gridlike, st_stairs_10, uniq_gastronok
Lair:2:   layout_loops_ring, minmay_lair_oklob_chamber, lemuel_fruit_fields,
          lemuel_fruit_tree
Lair:3:   layout_chaotic_city, swamp_mist_pool, spider_nest_entry_a,
          cheibrodos_lair_lostbears, grunt_megastairs_3, uniq_snorg
Lair:4:   layout_misc_corridors
Lair:5:   layout_long_grid, portal_ice_cave_entry_pillars_2, minmay_hedge_maze,
          infiniplex_staircase_pool_2
Lair:6:   minmay_lair_end_frog_pond, layout_regular_city,
          nicolae_slime_entry_slimehenge, lemuel_fruit_fields
Swamp:1:  layout_basic_swamp, evilmike_swamp_ruin_rubble_2
Swamp:2:  layout_basic_swamp, nicolae_swamp_very_dense_foliage,
          roderic_carrion_pond, uniq_nikola, uniq_roxanne
Swamp:3:  cheibrodos_swamp_heart_of_darkness, layout_basic_swamp,
          nicolae_swamp_dense_foliage, swamp_pool3
Swamp:4:  swamp, layout_basic_swamp, infiniplex_staircase_pool
Orc:1:    layout_diamond_mine
Orc:2:    grunt_orc_tribal_feast, layout_caves, minmay_shop_mayhem, uniq_urug,
          uniq_azrael
Depths:1: layout_basic, grunt_hell_entry_dis_mu, serial_shops, shop, shop,
          dk_noncrumbling_3, kennysheep_another_room, minivault_16,
          tgw_lugonu_bribe, grunt_megastairs_5, serial_bayou_shore_a,
          uniq_saint_roka
Depths:2: minmay_the_grid_four_pointed_star_mashed
          [minmay_the_grid_triangle_9x9_descending_squares,
          minmay_the_grid_triangle_9x9_limited_checkers,
          minmay_the_grid_triangle_9x9_dagger,
          minmay_the_grid_triangle_9x9_from_above,
          minmay_the_grid_prize_shrinking_boxes], layout_long_grid,
          enter_ziggurat_d, grunt_pan_entry_in_and_out, hell_entry,
          abyss_entry_small_statue_room, serial_shops, nicolae_shop_stone,
          uniq_asterion

Skill      XL: |  1  2  3  4  5  6  7  8  9 10 11 12 13 14 15 16 17 18 19 |
---------------+----------------------------------------------------------+-----
Stealth        | 6 7 8 9 11 12 14 16 17 19 | 19.1
Fighting       | 3 4 6 9 10 11 | 11.4
Dodging        | 2 3 5 6 8 11 13 14 | 14.4
Short Blades   | 6 7 11 14 16 18 19 | 19.0
Spellcasting   | 4 6 |  6.2
Hexes          | 4 7 |  7.5
Ice Magic      | 1 2 |  2.5
Armour         | 2 5 9 10 | 10.9
Shields        | 5 |  5.6
Invocations    | 7 11 12 | 12.3
Throwing       | |  2.1

Action                   |  1- 3 |  4- 6 |  7- 9 | 10-12 | 13-15 | 16-18 | 19-21 || total
-------------------------+-------+-------+-------+-------+-------+-------+-------++-------
Melee: Dagger            |    68 |   122 |       |       |       |       |       ||   190
       Rapier            |       |       |   274 |   401 |  1001 |  1189 |   161 ||  3026
 Cast: Ensorcelled Hiber |       |       |       |    14 |    11 |     9 |       ||    34
       Confusing Touch   |       |       |       |    10 |    20 |    15 |     1 ||    46
       Dazzling Flash    |       |       |       |       |     9 |    12 |       ||    21
       Cause Fear        |       |       |       |       |     4 |     9 |       ||    13
       Blink             |       |       |       |       |       |     1 |     6 ||     7
       Tukima's Dance    |       |       |       |       |       |     1 |       ||     1
Invok: Shadow Step       |       |       |       |       |     1 |       |       ||     1
  Use: Potion            |     2 |     3 |     5 |     1 |     9 |     7 |     3 ||    30
       Scroll            |       |     4 |     5 |     8 |    11 |     5 |     2 ||    35
 Stab: Sleeping          |    12 |    22 |    22 |    49 |    77 |   105 |    10 ||   297
       Distracted        |       |     1 |     7 |     3 |    10 |    16 |     1 ||    38
       Confused          |       |       |       |     6 |    16 |    16 |       ||    38
       Invisible         |       |       |       |       |     7 |    21 |       ||    28
       Fleeing           |       |       |       |       |       |     2 |       ||     2
Armor: Robe              |    13 |    39 |    59 |       |       |       |       ||   111
       Steam dragon scal |       |       |       |     9 |       |       |       ||     9
       Scale mail        |       |       |       |    76 |   268 |   183 |    48 ||   575
Dodge: Dodged            |    36 |    88 |   196 |   214 |   719 |   519 |   100 ||  1872
Block: Buckler           |       |       |       |    78 |   315 |   202 |    43 ||   638

Table legend: (Time is in decaauts)
 A = Elapsed time spent in this place.
 B = Non-inter-level travel time spent in this place.
 C = Inter-level travel time spent in this place.
 D = Time resting spent in this place.
 E = Time spent auto-exploring this place.
 F = Levels seen in this place.
 G = Mean time per level.
                   A        B        C        D        E       F      G
               +--------+--------+--------+--------+--------+-----+--------+
         Total |  38553 |  35882 |   2671 |   8144 |  19972 |  32 | 1204.8 |
       Dungeon |  18124 |  16344 |   1780 |   3068 |  10036 |  15 | 1208.3 |
        Temple |    278 |    278 |      0 |      0 |    251 |   1 |  278.0 |
          Lair |   8360 |   7823 |    537 |   1354 |   5000 |   6 | 1393.3 |
         Swamp |   5022 |   4895 |    127 |   1387 |   2388 |   4 | 1255.5 |
  Orcish Mines |   1425 |   1309 |    116 |     29 |   1040 |   2 |  712.5 |
        Depths |   3361 |   3252 |    109 |   1205 |   1016 |   2 | 1680.5 |
      Ice Cave |   1054 |   1054 |      0 |    590 |    221 |   1 | 1054.0 |
      Gauntlet |    925 |    925 |      0 |    509 |     18 |   1 |  925.0 |
               +--------+--------+--------+--------+--------+-----+--------+

Top non-repeatable levels by time:
Depths:1: 3177 daAuts
  Lair:6: 2197 daAuts
 Swamp:2: 2144 daAuts
     D:8: 1735 daAuts
     D:9: 1611 daAuts
  Lair:3: 1559 daAuts
    D:15: 1552 daAuts
     D:3: 1427 daAuts
     D:1: 1362 daAuts
  Lair:5: 1316 daAuts
  Lair:1: 1309 daAuts
    D:13: 1235 daAuts
 Swamp:3: 1205 daAuts
     D:4: 1175 daAuts
     D:5: 1154 daAuts
